Canadiens vs Devils

Created - Sunday, January 04, 2015 at 02:25

Goals
1 2 3 T
Canadiens 2 0 0 2
Devils 1 0 0 1
Shots
1 2 3 T
Canadiens 11 13 6 30
Devils 11 6 16 33

1st period

1. Canadiens , Mathieu Perreault 12 (Patric Hornqvist, Marcus Johansson) at 10:17
2. Canadiens , Patric Hornqvist 9 (Jared Spurgeon, Mathieu Perreault) at 10:25
3. Devils , Jamie McGinn 7 (Grant Clitsome, Patrik Berglund) at 19:36 (PP)

Penalties :
Ben Lovejoy (Mon) for Holding (Minor) at 6:15, Matt Niskanen (Mon) for Hooking (Minor) at 15:04, Scottie Upshall (Mon) for Goalie Interference (Minor) at 18:16

2nd period

No Goal

Penalties :
Matt Irwin (NJD) for Hooking (Minor) at 1:05, Eric Staal (Mon) for Goalie Interference (Minor) at 4:46, Grant Clitsome (NJD) for Roughing (Minor) at 9:42

3rd period

No Goal

Penalties :
Mark Stuart (NJD) for Hooking (Minor) at 3:29, Matt Niskanen (Mon) for Holding (Minor) at 12:29

Goalie Stats

Marc-Andre Fleury (Mon), 32 saves from 33 shots - (0.970), W, 24-6-2, 60:00 minutes
Jimmy Howard (NJD), 28 saves from 30 shots - (0.933), L, 13-13-5, 59:03 minutes

Players Stats for Canadiens

Player Name              G  A  P  +/- PIM S  H  SB GA TA FO     MP     PP MP  PK MP  
------------------------------------------------------------------------------------
Ben Lovejoy              0  0  0   1  2   1  1  0  0  1  0/0    13:48   0:00   0:39 
Craig Smith              0  0  0   0  0   4  1  0  1  0  0/0    12:02   0:00   0:00 
Derek Grant              0  0  0   0  0   0  1  0  0  1  5/7     8:41   0:00   0:00 
Derek Morris             0  0  0   0  0   2  1  5  0  2  0/0    19:10   4:02   0:00 
Eric Staal               0  0  0   0  2   2  0  0  2  0  15/23  17:48   3:12   2:13 
Jared Spurgeon           0  1  1   1  0   3  0  3  0  1  0/0    20:51   1:55   3:45 
John-Michael Liles       0  0  0   0  0   0  0  0  0  1  0/0    24:39   1:55   5:31 
Jussi Jokinen            0  0  0   0  0   2  1  0  1  0  0/0    14:08   2:45   0:00 
Marcus Johansson         0  1  1   2  0   1  0  0  2  1  0/0    14:21   2:45   0:00 
Mathieu Perreault        1  1  2   2  0   6  2  0  0  0  6/10   14:21   2:45   0:00 
Matt Niskanen            0  0  0   1  4   1  2  2  0  2  0/0    21:43   4:02   3:06 
Mike Cammalleri          0  0  0   0  0   3  0  0  0  0  5/10   20:48   3:12   6:32 
Mike Weaver              0  0  0   1  0   1  0  2  0  0  0/0    19:59   0:00   5:31 
Pascal Dupuis            0  0  0   0  0   1  2  0  1  1  0/1    18:49   0:00   6:05 
Patric Hornqvist         1  1  2   2  0   1  3  0  1  0  0/1    16:32   3:12   1:30 
Sam Gagner               0  0  0   0  0   1  3  0  3  0  3/6    12:02   0:00   0:00 
Scottie Upshall          0  0  0   0  2   0  2  0  2  0  0/0    12:16   0:00   2:12 
Tomas Jurco              0  0  0   0  0   1  0  0  2  0  0/0     8:41   0:00   0:00 

Players Stats for Devils

Player Name              G  A  P  +/- PIM S  H  SB GA TA FO     MP     PP MP  PK MP  
------------------------------------------------------------------------------------
Adam Burish              0  0  0   0  0   1  1  0  0  1  0/0    11:32   0:00   0:38 
Alex Tanguay             0  0  0   0  0   1  2  0  1  1  2/2    17:08   5:05   0:38 
Brent Seabrook           0  0  0   0  0   2  3  3  0  1  0/0    26:44   5:43   4:05 
David Warsofsky          0  0  0   0  0   1  1  1  1  0  0/0    15:50   0:00   1:19 
Drew Stafford            0  0  0  -2  0   0  2  1  0  0  3/3    20:49   4:11   4:07 
Grant Clitsome           0  1  1  -2  2   3  2  0  0  1  0/0    18:54   3:33   1:39 
Jamie McGinn             1  0  1  -2  0   3  0  0  1  0  0/1    18:13   4:11   1:12 
Jason Akeson             0  0  0   0  0   1  0  1  0  0  0/1     9:41   0:00   0:00 
Jay Beagle               0  0  0   0  0   0  0  0  2  0  3/6     9:41   0:00   0:00 
Kris Versteeg            0  0  0   0  0   4  1  0  1  0  0/0    16:25   5:05   0:00 
Mark Stuart              0  0  0   0  2   2  2  2  0  0  0/0    24:58   5:43   2:20 
Martin Erat              0  0  0   0  0   1  1  0  0  0  2/5    10:49   0:00   0:00 
Matt Irwin               0  0  0   0  2   2  1  1  0  2  0/0    13:20   0:00   0:00 
Patrik Berglund          0  1  1  -2  0   3  1  2  2  1  8/26   20:49   4:11   4:07 
Ryan Jones               0  0  0   0  0   1  1  0  1  0  1/1     9:41   0:00   0:00 
Tim Gleason              0  0  0  -2  0   3  4  0  0  2  0/0    20:39   3:33   2:31 
Tyler Johnson            0  0  0   0  0   4  1  0  3  1  5/13   17:58   5:05   1:12 
Ville Leino              0  0  0   0  0   1  0  0  3  0  0/0    10:49   0:00   0:00 

3 Stars

1 - Patric Hornqvist (Mon)
2 - Mathieu Perreault (Mon)
3 - Marc-Andre Fleury (Mon)

Power Play

Canadiens - 0 on 3 Attempt(s) - 0.00%
Devils - 1 on 5 Attempt(s) - 20.00%

Penalty Kill

Canadiens - 4 on 5 Attempt(s) - 80.00% - Score 0 goal in Penalty Kill
Devils - 3 on 3 Attempt(s) - 100.00% - Score 0 goal in Penalty Kill

Team Stat

Canadiens - Hits : 19 - Faceoff Wins : 34 - Blocked Shots : 12 - Penalty Minutes : 10
Devils - Hits : 23 - Faceoff Wins : 24 - Blocked Shots : 11 - Penalty Minutes : 6

Official

Referees : Unknown
Linesman : Unknown

Game Notes

No Game Note

Finance

Level 1 -- Attendance: 6000 (100.00%) -- Ticket Income $450,000
Level 2 -- Attendance: 3831 (76.62%) -- Ticket Income $229,860
Level 3 -- Attendance: 1594 (79.70%) -- Ticket Income $55,790
Level 4 -- Attendance: 2466 (61.65%) -- Ticket Income $61,650
Luxury Box -- Attendance: 962 (96.20%) -- Ticket Income $153,920
Game was played at the Continental Airlines Arena'
Total Attendance: 14853 (82.52%)
Total Ticket Income: $951,220
Other Income: $466,098
Total Income: $1,417,318

Canadiens

5 vs 5 Forward 
   Center                   Left Wing                Right Wing               Time % Phy DF OF 
 1 Eric Staal               Jussi Jokinen            Mike Cammalleri          35     1   1  3  
 2 Mathieu Perreault        Marcus Johansson         Patric Hornqvist         30     1   2  2  
 3 Sam Gagner               Pascal Dupuis            Craig Smith              22     1   2  2  
 4 Derek Grant              Tomas Jurco              Scottie Upshall          13     1   2  2  

5 vs 5 Defense 
   Defense                  Defense                                           Time % Phy DF OF 
 1 Derek Morris             John-Michael Liles                                40     1   2  2  
 2 Matt Niskanen            Jared Spurgeon                                    34     1   2  2  
 3 Ben Lovejoy              Mike Weaver                                       26     1   3  1  
 4 Derek Morris             John-Michael Liles                                0      1   2  2  

PowerPlay Forward 
   Center                   Left Wing                Right Wing               Time % Phy DF OF 
 1 Eric Staal               Mike Cammalleri          Patric Hornqvist         60     1   2  2  
 2 Mathieu Perreault        Marcus Johansson         Jussi Jokinen            40     1   2  2  

PowerPlay Defense
   Defense                  Defense                                           Time % Phy DF OF 
 1 Derek Morris             Matt Niskanen                                     60     1   2  2  
 2 John-Michael Liles       Jared Spurgeon                                    40     1   2  2  

Penalty Kill 4 Players Forward 
   Center                   Wing                     Time % Phy DF OF 
 1 Mike Cammalleri          Pascal Dupuis            60     1   2  2  
 2 Eric Staal               Scottie Upshall          40     1   2  2  

Penalty Kill 4 Players Defense
   Defense                  Defense                  Time % Phy DF OF 
 1 Mike Weaver              John-Michael Liles       60     1   2  2  
 2 Matt Niskanen            Jared Spurgeon           40     1   2  2  

Penalty Kill - 3 Players Forward 
   Forward                                           Time % Phy DF OF 
 1 Eric Staal                                        60     1   3  1  
 2 Pascal Dupuis                                     40     1   3  1  

Penalty Kill - 3 Players Defense
   Defense                  Defense                  Time % Phy DF OF 
 1 Mike Weaver              John-Michael Liles       60     1   2  2  
 2 Matt Niskanen            Jared Spurgeon           40     1   2  2  

4 vs 4 Forward 
   Center                   Wing                     Time % Phy DF OF 
 1 Eric Staal               Mike Cammalleri          60     1   2  2  
 2 Mathieu Perreault        Jussi Jokinen            40     1   2  2  

4 vs 4 Defense
   Defense                  Defense                  Time % Phy DF OF 
 1 Derek Morris             Matt Niskanen            60     1   2  2  
 2 John-Michael Liles       Jared Spurgeon           40     1   2  2  

Last Minutes Offensive
   Center                   Left Wing                Right Wing               Defense                  Defense                  
   Eric Staal               Mike Cammalleri          Patric Hornqvist         Derek Morris             Matt Niskanen            

Last Minutes Defensive
   Center                   Left Wing                Right Wing               Defense                  Defense                  
   Eric Staal               Scottie Upshall          Pascal Dupuis            Mike Weaver              John-Michael Liles       

Goaltenders
Starting : Marc-Andre Fleury        
Backup : Pekka Rinne              

Extra Forwards
Normal : Sam Gagner, Scottie Upshall, Patric Hornqvist - PP : Sam Gagner, Scottie Upshall - PK : Patric Hornqvist
Extra Defensemen
Normal : Ben Lovejoy, Mike Weaver, Matt Niskanen - PP : Ben Lovejoy - PK : Mike Weaver, Matt Niskanen
Penalty Shots
Eric Staal, Mike Cammalleri, Pascal Dupuis, Jussi Jokinen, Marcus Johansson

Devils

5 vs 5 Forward 
   Center                   Left Wing                Right Wing               Time % Phy DF OF 
 1 Patrik Berglund          Drew Stafford            Jamie McGinn             35     1   2  2  
 2 Tyler Johnson            Alex Tanguay             Kris Versteeg            30     1   2  2  
 3 Martin Erat              Adam Burish              Ville Leino              22     1   2  2  
 4 Jay Beagle               Ryan Jones               Jason Akeson             13     1   2  2  

5 vs 5 Defense 
   Defense                  Defense                                           Time % Phy DF OF 
 1 Brent Seabrook           Mark Stuart                                       35     1   2  2  
 2 Tim Gleason              Grant Clitsome                                    30     1   2  2  
 3 Matt Irwin               David Warsofsky                                   22     1   2  2  
 4 Brent Seabrook           Mark Stuart                                       13     1   2  2  

PowerPlay Forward 
   Center                   Left Wing                Right Wing               Time % Phy DF OF 
 1 Patrik Berglund          Drew Stafford            Jamie McGinn             60     1   2  2  
 2 Tyler Johnson            Alex Tanguay             Kris Versteeg            40     1   2  2  

PowerPlay Defense
   Defense                  Defense                                           Time % Phy DF OF 
 1 Brent Seabrook           Mark Stuart                                       60     1   2  2  
 2 Tim Gleason              Grant Clitsome                                    40     1   2  2  

Penalty Kill 4 Players Forward 
   Center                   Wing                     Time % Phy DF OF 
 1 Drew Stafford            Patrik Berglund          60     1   2  2  
 2 Tyler Johnson            Jamie McGinn             40     1   2  2  

Penalty Kill 4 Players Defense
   Defense                  Defense                  Time % Phy DF OF 
 1 Brent Seabrook           Mark Stuart              60     1   2  2  
 2 Tim Gleason              Grant Clitsome           40     1   2  2  

Penalty Kill - 3 Players Forward 
   Forward                                           Time % Phy DF OF 
 1 Drew Stafford                                     60     1   2  2  
 2 Patrik Berglund                                   40     1   2  2  

Penalty Kill - 3 Players Defense
   Defense                  Defense                  Time % Phy DF OF 
 1 Brent Seabrook           Mark Stuart              60     1   2  2  
 2 Tim Gleason              Grant Clitsome           40     1   2  2  

4 vs 4 Forward 
   Center                   Wing                     Time % Phy DF OF 
 1 Drew Stafford            Patrik Berglund          60     1   2  2  
 2 Tyler Johnson            Jamie McGinn             40     1   2  2  

4 vs 4 Defense
   Defense                  Defense                  Time % Phy DF OF 
 1 Brent Seabrook           Mark Stuart              60     1   2  2  
 2 Tim Gleason              Grant Clitsome           40     1   2  2  

Last Minutes Offensive
   Center                   Left Wing                Right Wing               Defense                  Defense                  
   Patrik Berglund          Drew Stafford            Jamie McGinn             Brent Seabrook           Mark Stuart              

Last Minutes Defensive
   Center                   Left Wing                Right Wing               Defense                  Defense                  
   Patrik Berglund          Drew Stafford            Jamie McGinn             Brent Seabrook           Mark Stuart              

Goaltenders
Starting : Jimmy Howard             
Backup : Thomas Greiss            

Extra Forwards
Normal : Martin Erat, Jay Beagle, Adam Burish - PP : Martin Erat, Jay Beagle - PK : Adam Burish
Extra Defensemen
Normal : Matt Irwin, David Warsofsky, Tim Gleason - PP : Matt Irwin - PK : David Warsofsky, Tim Gleason
Penalty Shots
Drew Stafford, Patrik Berglund, Tyler Johnson, Jamie McGinn, Alex Tanguay

% Time on Ice - Canadiens

Lines # - Real PCT - Wanted PCT - Time Play
Normal Forward
1 - 25% - 35% - 11:04
2 - 28% - 30% - 12:22
3 - 27% - 22% - 12:02
4 - 20% - 13% - 8:41
Normal Defense
1 - 36% - 40% - 16:00
2 - 34% - 34% - 15:11
3 - 29% - 26% - 12:58
4 - 0% - 0% - 0:00
PP Forward
1 - 54% - 60% - 3:12
2 - 46% - 40% - 2:45
PP Defense
1 - 68% - 60% - 4:02
2 - 32% - 40% - 1:55
PK Forward
1 - 71% - 60% - 6:32
2 - 29% - 40% - 2:44
PK Defense
1 - 60% - 60% - 5:31
2 - 40% - 40% - 3:45
PK3 Forward
1 - 0% - 60%
2 - 0% - 40%
PK3 Defense
1 - 0% - 60%
2 - 0% - 40%
44 Forward
1 - 0% - 60%
2 - 0% - 40%
44 Defense
1 - 0% - 60%
2 - 0% - 40%
Last Minute Offensive  - 0:00
Last Minute Defensive  - 0:38
Total
Forward - 60:00
Defense - 60:00

% Time on Ice - Devils

Lines # - Real PCT - Wanted PCT - Time Play
Normal Forward
1 - 27% - 35% - 11:58
2 - 26% - 30% - 11:41
3 - 24% - 22% - 10:49
4 - 22% - 13% - 9:41
Normal Defense
1 - 32% - 35% - 14:00
2 - 33% - 30% - 14:35
3 - 30% - 22% - 13:16
4 - 5% - 13% - 2:18
PP Forward
1 - 45% - 60% - 4:11
2 - 55% - 40% - 5:05
PP Defense
1 - 62% - 60% - 5:43
2 - 38% - 40% - 3:33
PK Forward
1 - 80% - 60% - 4:45
2 - 20% - 40% - 1:12
PK Defense
1 - 69% - 60% - 4:05
2 - 31% - 40% - 1:52
PK3 Forward
1 - 0% - 60%
2 - 0% - 40%
PK3 Defense
1 - 0% - 60%
2 - 0% - 40%
44 Forward
1 - 0% - 60%
2 - 0% - 40%
44 Defense
1 - 0% - 60%
2 - 0% - 40%
Last Minute Offensive  - 0:38
Last Minute Defensive  - 0:00
Total
Forward - 60:00
Defense - 60:00

Play by Play

1st period


0:01 of 1st period - Patrik Berglund wins face-off versus Eric Staal in neutral zone.
0:56 of 1st period - Marcus Johansson is hit by Brent Seabrook and loses puck.
1:17 of 1st period - Wrist shot by Tyler Johnson.
1:17 of 1st period - Shot Blocked by Jared Spurgeon.
1:19 of 1st period - Snap shot by Tyler Johnson.
1:19 of 1st period - Deflect By Jared Spurgeon.
1:19 of 1st period - Shot Misses the Net.
1:19 of 1st period - Puck is out of play.
1:20 of 1st period - Sam Gagner wins face-off versus Martin Erat in Canadiens zone.
1:41 of 1st period - Wrist shot by Craig Smith.
1:41 of 1st period - Stopped by Jimmy Howard with a rebound.
1:43 of 1st period - Slapshot by Mike Weaver.
1:43 of 1st period - Shot Blocked by Matt Irwin.
1:45 of 1st period - Slapshot by Ben Lovejoy.
1:45 of 1st period - Shot Misses the Net.
1:47 of 1st period - Wrist shot by Mike Weaver.
1:47 of 1st period - Shot Misses the Net.
1:49 of 1st period - Snap shot by Ben Lovejoy.
1:49 of 1st period - Shot Blocked by David Warsofsky.
1:51 of 1st period - Snap shot by Craig Smith.
1:51 of 1st period - Stopped by Jimmy Howard without a rebound.
1:52 of 1st period - Derek Grant wins face-off versus Jay Beagle in Devils zone.
1:55 of 1st period - Wrist shot by Tomas Jurco.
1:55 of 1st period - Stopped by Jimmy Howard without a rebound.
1:56 of 1st period - Jay Beagle wins face-off versus Derek Grant in Devils zone.
2:03 of 1st period - Slapshot by Matt Niskanen.
2:03 of 1st period - Stopped by Jimmy Howard without a rebound.
2:04 of 1st period - Derek Grant wins face-off versus Jay Beagle in Devils zone.
2:35 of 1st period - Backhand shot by Scottie Upshall.
2:35 of 1st period - Deflect By Grant Clitsome.
2:35 of 1st period - Shot Misses the Net.
2:35 of 1st period - Puck is out of play.
2:36 of 1st period - Eric Staal wins face-off versus Patrik Berglund in Devils zone.
2:39 of 1st period - Snap shot by Mike Cammalleri.
2:39 of 1st period - Stopped by Jimmy Howard without a rebound.
2:40 of 1st period - Eric Staal wins face-off versus Jamie McGinn in Devils zone.
4:29 of 1st period - Snap shot by Craig Smith.
4:29 of 1st period - Shot Misses the Net.
5:02 of 1st period - Slapshot by Matt Irwin.
5:02 of 1st period - Stopped by Marc-Andre Fleury without a rebound.
5:03 of 1st period - Derek Grant wins face-off versus Jay Beagle in Canadiens zone.
5:31 of 1st period - Slapshot by Derek Morris.
5:31 of 1st period - Stopped by Jimmy Howard without a rebound.
5:32 of 1st period - Patrik Berglund wins face-off versus Eric Staal in Devils zone.
6:03 of 1st period - Wrist shot by Drew Stafford.
6:03 of 1st period - Shot Blocked by Mike Weaver.
6:05 of 1st period - Wrist shot by Patrik Berglund.
6:05 of 1st period - Shot Misses the Net.
6:15 of 1st period - Minor Penalty to Ben Lovejoy for Holding.
6:16 of 1st period - Tyler Johnson wins face-off versus Mike Cammalleri in Canadiens zone.
6:36 of 1st period - Wrist shot by Tyler Johnson.
6:36 of 1st period - Shot Blocked by Mike Weaver.
6:38 of 1st period - Slapshot by Grant Clitsome.
6:38 of 1st period - Shot Misses the Net.
6:52 of 1st period - Pascal Dupuis is hit by Alex Tanguay and loses puck.
8:15 of 1st period - Penalty to Ben Lovejoy is over, Ben Lovejoy is back on ice.
8:35 of 1st period - Adam Burish is hit by Patric Hornqvist and loses puck.
8:55 of 1st period - Matt Irwin is hit by Patric Hornqvist and loses puck.
9:43 of 1st period - Snap shot by Craig Smith.
9:43 of 1st period - Shot Misses the Net.
9:45 of 1st period - Snap shot by Derek Morris.
9:45 of 1st period - Deflect By Craig Smith.
9:45 of 1st period - Shot Misses the Net.
9:45 of 1st period - Puck is out of play.
9:46 of 1st period - Patrik Berglund wins face-off versus Sam Gagner in Devils zone.
10:05 of 1st period - Icing by Tim Gleason.
10:06 of 1st period - Mathieu Perreault wins face-off versus Patrik Berglund in Devils zone.
10:17 of 1st period - Snap shot by Mathieu Perreault.
10:17 of 1st period - Goal by Mathieu Perreault - Canadiens : 1 - Devils : 0.
10:18 of 1st period - Mathieu Perreault wins face-off versus Patrik Berglund in neutral zone.
10:23 of 1st period - Snap shot by Patric Hornqvist.
10:23 of 1st period - Shot Misses the Net.
10:25 of 1st period - Slapshot by Jared Spurgeon.
10:25 of 1st period - Deflect By Patric Hornqvist.
10:25 of 1st period - Goal by Patric Hornqvist - Canadiens : 2 - Devils : 0.
10:26 of 1st period - Eric Staal wins face-off versus Tyler Johnson in neutral zone.
11:01 of 1st period - Snap shot by Eric Staal.
11:01 of 1st period - Stopped by Jimmy Howard without a rebound.
11:02 of 1st period - Mathieu Perreault wins face-off versus Patrik Berglund in Devils zone.
11:11 of 1st period - Snap shot by Marcus Johansson.
11:11 of 1st period - Shot Blocked by Patrik Berglund.
11:55 of 1st period - Pascal Dupuis is hit by Tim Gleason and loses puck.
12:15 of 1st period - Ben Lovejoy is hit by Martin Erat and loses puck.
12:20 of 1st period - Wrist shot by Martin Erat.
12:20 of 1st period - Stopped by Marc-Andre Fleury without a rebound.
12:21 of 1st period - Eric Staal wins face-off versus Tyler Johnson in Canadiens zone.
12:21 of 1st period - Eric Staal is hit by Tyler Johnson.
13:34 of 1st period - Slapshot by Matt Irwin.
13:34 of 1st period - Shot Misses the Net.
14:35 of 1st period - Wrist shot by Craig Smith.
14:35 of 1st period - Stopped by Jimmy Howard with a rebound.
15:01 of 1st period - Snap shot by Drew Stafford.
15:01 of 1st period - Deflect By Patrik Berglund.
15:01 of 1st period - Shot Blocked by Jared Spurgeon.
15:01 of 1st period - Puck is out of play.
15:02 of 1st period - Eric Staal wins face-off versus Tyler Johnson in Canadiens zone.
15:04 of 1st period - Minor Penalty to Matt Niskanen for Hooking.
15:05 of 1st period - Patrik Berglund wins face-off versus Mike Cammalleri in Canadiens zone.
15:53 of 1st period - Mike Cammalleri is hit by Alex Tanguay and loses puck.
16:16 of 1st period - Snap shot by Tyler Johnson.
16:16 of 1st period - Shot Misses the Net.
16:18 of 1st period - Slapshot by Tim Gleason.
16:18 of 1st period - Deflect By Mike Weaver.
16:18 of 1st period - Stopped by Marc-Andre Fleury with a rebound.
16:20 of 1st period - Slapshot by Alex Tanguay.
16:20 of 1st period - Shot Misses the Net.
16:22 of 1st period - Wrist shot by Tyler Johnson.
16:22 of 1st period - Stopped by Marc-Andre Fleury with a rebound.
16:24 of 1st period - Slapshot by Tim Gleason.
16:24 of 1st period - Stopped by Marc-Andre Fleury without a rebound.
16:25 of 1st period - Eric Staal wins face-off versus Patrik Berglund in Canadiens zone.
17:02 of 1st period - Snap shot by Pascal Dupuis.
17:02 of 1st period - Stopped by Jimmy Howard with a rebound.
17:04 of 1st period - Penalty to Matt Niskanen is over, Matt Niskanen is back on ice.
17:14 of 1st period - Wrist shot by Patric Hornqvist.
17:14 of 1st period - Shot Misses the Net.
17:16 of 1st period - Slapshot by Jared Spurgeon.
17:16 of 1st period - Shot Misses the Net.
17:22 of 1st period - Derek Morris is hit by Brent Seabrook and loses puck.
18:09 of 1st period - Wrist shot by Ryan Jones.
18:09 of 1st period - Shot Misses the Net.
18:11 of 1st period - Slapshot by Tim Gleason.
18:11 of 1st period - Shot Blocked by Derek Morris.
18:13 of 1st period - Slapshot by Tim Gleason.
18:13 of 1st period - Stopped by Marc-Andre Fleury without a rebound.
18:14 of 1st period - Derek Grant wins face-off versus Patrik Berglund in Canadiens zone.
18:16 of 1st period - Minor Penalty to Scottie Upshall for Goalie Interference.
18:17 of 1st period - Mike Cammalleri wins face-off versus Patrik Berglund in Canadiens zone.
18:17 of 1st period - Mike Cammalleri is hit by Tim Gleason.
18:36 of 1st period - Off-side.
18:37 of 1st period - Patrik Berglund wins face-off versus Mike Cammalleri in neutral zone.
18:40 of 1st period - Snap shot by Jamie McGinn.
18:40 of 1st period - Stopped by Marc-Andre Fleury with a rebound.
18:42 of 1st period - Slapshot by Grant Clitsome.
18:42 of 1st period - Stopped by Marc-Andre Fleury with a rebound.
18:44 of 1st period - Slapshot by Grant Clitsome.
18:44 of 1st period - Stopped by Marc-Andre Fleury without a rebound.
18:45 of 1st period - Mike Cammalleri wins face-off versus Tyler Johnson in Canadiens zone.
19:08 of 1st period - Icing by Brent Seabrook.
19:09 of 1st period - Alex Tanguay wins face-off versus Eric Staal in Devils zone.
19:20 of 1st period - Wrist shot by Kris Versteeg.
19:20 of 1st period - Deflect By Alex Tanguay.
19:20 of 1st period - Shot Misses the Net.
19:20 of 1st period - Puck is out of play.
19:21 of 1st period - Eric Staal wins face-off versus Patrik Berglund in Canadiens zone.
19:32 of 1st period - Snap shot by Jamie McGinn.
19:32 of 1st period - Shot Blocked by Matt Niskanen.
19:34 of 1st period - Slapshot by Grant Clitsome.
19:34 of 1st period - Stopped by Marc-Andre Fleury with a rebound.
19:36 of 1st period - Wrist shot by Jamie McGinn.
19:36 of 1st period - Goal by Jamie McGinn - Canadiens : 2 - Devils : 1.
19:37 of 1st period - Mathieu Perreault wins face-off versus Patrik Berglund in neutral zone.
Goals for this period are 2 for Canadiens vs 1 for Devils.
Shots for this period are 11 for Canadiens vs 11 for Devils.

2nd period


0:01 of 2nd period - Eric Staal wins face-off versus Tyler Johnson in neutral zone.
0:20 of 2nd period - Snap shot by Kris Versteeg.
0:20 of 2nd period - Stopped by Marc-Andre Fleury with a rebound.
0:22 of 2nd period - Slapshot by Mark Stuart.
0:22 of 2nd period - Shot Misses the Net.
0:32 of 2nd period - Snap shot by Tyler Johnson.
0:32 of 2nd period - Stopped by Marc-Andre Fleury without a rebound.
0:33 of 2nd period - Sam Gagner wins face-off versus Patrik Berglund in Canadiens zone.
0:33 of 2nd period - Sam Gagner is hit by Drew Stafford.
1:05 of 2nd period - Minor Penalty to Matt Irwin for Hooking.
1:06 of 2nd period - Drew Stafford wins face-off versus Eric Staal in Devils zone.
2:18 of 2nd period - Patrik Berglund is hit by Mathieu Perreault and loses puck.
3:05 of 2nd period - Penalty to Matt Irwin is over, Matt Irwin is back on ice.
3:05 of 2nd period - Wrist shot by Marcus Johansson.
3:05 of 2nd period - Shot Blocked by Brent Seabrook.
3:07 of 2nd period - Snap shot by Jussi Jokinen.
3:07 of 2nd period - Shot Blocked by Mark Stuart.
3:09 of 2nd period - Slapshot by Jared Spurgeon.
3:09 of 2nd period - Stopped by Jimmy Howard without a rebound.
3:10 of 2nd period - Jay Beagle wins face-off versus Mathieu Perreault in Devils zone.
3:49 of 2nd period - Wrist shot by Craig Smith.
3:49 of 2nd period - Shot Blocked by Jason Akeson.
3:51 of 2nd period - Wrist shot by Pascal Dupuis.
3:51 of 2nd period - Deflect By Sam Gagner.
3:51 of 2nd period - Stopped by Jimmy Howard with a rebound.
3:53 of 2nd period - Slapshot by Mike Weaver.
3:53 of 2nd period - Stopped by Jimmy Howard with a rebound.
4:35 of 2nd period - Mark Stuart is hit by Derek Grant and loses puck.
4:46 of 2nd period - Minor Penalty to Eric Staal for Goalie Interference.
4:47 of 2nd period - Mike Cammalleri wins face-off versus Patrik Berglund in Canadiens zone.
5:24 of 2nd period - Wrist shot by Alex Tanguay.
5:24 of 2nd period - Deflect By Tyler Johnson.
5:24 of 2nd period - Shot Blocked by Jared Spurgeon.
5:24 of 2nd period - Puck is out of play.
5:25 of 2nd period - Tyler Johnson wins face-off versus Mike Cammalleri in Canadiens zone.
5:34 of 2nd period - Pascal Dupuis is hit by Kris Versteeg and loses puck.
5:47 of 2nd period - Wrist shot by Patrik Berglund.
5:47 of 2nd period - Stopped by Marc-Andre Fleury without a rebound.
5:48 of 2nd period - Mike Cammalleri wins face-off versus Patrik Berglund in Canadiens zone.
6:23 of 2nd period - Wrist shot by Pascal Dupuis.
6:23 of 2nd period - Shot Misses the Net.
6:43 of 2nd period - Icing by Drew Stafford.
6:44 of 2nd period - Patrik Berglund wins face-off versus Patric Hornqvist in Devils zone.
6:46 of 2nd period - Penalty to Eric Staal is over, Eric Staal is back on ice.
6:51 of 2nd period - Mike Weaver is hit by Tim Gleason and loses puck.
7:12 of 2nd period - Slapshot by Ville Leino.
7:12 of 2nd period - Stopped by Marc-Andre Fleury with a rebound.
7:28 of 2nd period - Off-side.
7:29 of 2nd period - Ryan Jones wins face-off versus Sam Gagner in neutral zone.
7:34 of 2nd period - Snap shot by Brent Seabrook.
7:34 of 2nd period - Shot Misses the Net.
7:36 of 2nd period - Wrist shot by Brent Seabrook.
7:36 of 2nd period - Stopped by Marc-Andre Fleury without a rebound.
7:37 of 2nd period - Sam Gagner wins face-off versus Jason Akeson in Canadiens zone.
7:37 of 2nd period - Sam Gagner is hit by Mark Stuart.
7:51 of 2nd period - Mark Stuart is hit by Pascal Dupuis and loses puck.
9:40 of 2nd period - Snap shot by Mathieu Perreault.
9:40 of 2nd period - Stopped by Jimmy Howard with a rebound.
9:42 of 2nd period - Minor Penalty to Grant Clitsome for Roughing.
9:43 of 2nd period - Drew Stafford wins face-off versus Mathieu Perreault in Devils zone.
9:56 of 2nd period - Slapshot by Jussi Jokinen.
9:56 of 2nd period - Shot Misses the Net.
9:58 of 2nd period - Snap shot by Marcus Johansson.
9:58 of 2nd period - Shot Blocked by Brent Seabrook.
10:00 of 2nd period - Slapshot by Mathieu Perreault.
10:00 of 2nd period - Stopped by Jimmy Howard with a rebound.
10:02 of 2nd period - Slapshot by Derek Morris.
10:02 of 2nd period - Shot Blocked by Patrik Berglund.
11:42 of 2nd period - Penalty to Grant Clitsome is over, Grant Clitsome is back on ice.
11:52 of 2nd period - Matt Niskanen is hit by David Warsofsky and loses puck.
13:03 of 2nd period - Mark Stuart is hit by Craig Smith and loses puck.
13:49 of 2nd period - Jay Beagle is hit by Ben Lovejoy and loses puck.
14:18 of 2nd period - Alex Tanguay is hit by Sam Gagner and loses puck.
14:45 of 2nd period - Snap shot by Mike Cammalleri.
14:45 of 2nd period - Stopped by Jimmy Howard with a rebound.
14:47 of 2nd period - Wrist shot by Mike Cammalleri.
14:47 of 2nd period - Stopped by Jimmy Howard with a rebound.
14:49 of 2nd period - Slapshot by Derek Morris.
14:49 of 2nd period - Deflect By Jussi Jokinen.
14:49 of 2nd period - Stopped by Jimmy Howard without a rebound.
14:50 of 2nd period - Eric Staal wins face-off versus Patrik Berglund in Devils zone.
15:05 of 2nd period - Marcus Johansson is hit by Grant Clitsome and loses puck.
15:47 of 2nd period - Scottie Upshall is hit by Adam Burish.
15:59 of 2nd period - Slapshot by Ben Lovejoy.
15:59 of 2nd period - Deflect By Brent Seabrook.
15:59 of 2nd period - Stopped by Jimmy Howard without a rebound.
16:00 of 2nd period - Eric Staal wins face-off versus Tyler Johnson in Devils zone.
16:09 of 2nd period - Wrist shot by Eric Staal.
16:09 of 2nd period - Shot Blocked by Mark Stuart.
16:11 of 2nd period - Snap shot by Eric Staal.
16:11 of 2nd period - Stopped by Jimmy Howard with a rebound.
17:02 of 2nd period - Patrik Berglund is hit by Pascal Dupuis and loses puck.
17:19 of 2nd period - Tim Gleason is hit by Matt Niskanen and loses puck.
17:30 of 2nd period - Tim Gleason is hit by Scottie Upshall and loses puck.
18:02 of 2nd period - Wrist shot by Patric Hornqvist.
18:02 of 2nd period - Shot Blocked by Brent Seabrook.
18:04 of 2nd period - Snap shot by Derek Morris.
18:04 of 2nd period - Stopped by Jimmy Howard with a rebound.
18:14 of 2nd period - Snap shot by Mathieu Perreault.
18:14 of 2nd period - Stopped by Jimmy Howard without a rebound.
18:15 of 2nd period - Eric Staal wins face-off versus Tyler Johnson in Devils zone.
18:22 of 2nd period - Wrist shot by Tyler Johnson.
18:22 of 2nd period - Stopped by Marc-Andre Fleury without a rebound.
18:23 of 2nd period - Eric Staal wins face-off versus Tyler Johnson in Canadiens zone.
19:08 of 2nd period - Sam Gagner is hit by Matt Irwin and loses puck.
19:15 of 2nd period - Matt Irwin is hit by Sam Gagner and loses puck.
19:22 of 2nd period - Wrist shot by Craig Smith.
19:22 of 2nd period - Stopped by Jimmy Howard with a rebound.
19:33 of 2nd period - Off-side.
19:34 of 2nd period - Patrik Berglund wins face-off versus Mathieu Perreault in neutral zone.
19:47 of 2nd period - Jamie McGinn is hit by Patric Hornqvist and loses puck.
Goals for this period are 0 for Canadiens vs 0 for Devils.
Shots for this period are 13 for Canadiens vs 6 for Devils.

3rd period


0:01 of 3rd period - Eric Staal wins face-off versus Patrik Berglund in neutral zone.
0:14 of 3rd period - Snap shot by Jussi Jokinen.
0:14 of 3rd period - Stopped by Jimmy Howard without a rebound.
0:15 of 3rd period - Patrik Berglund wins face-off versus Eric Staal in Devils zone.
0:36 of 3rd period - Snap shot by Patrik Berglund.
0:36 of 3rd period - Stopped by Marc-Andre Fleury without a rebound.
0:37 of 3rd period - Tyler Johnson wins face-off versus Mathieu Perreault in Canadiens zone.
0:40 of 3rd period - Backhand shot by Kris Versteeg.
0:40 of 3rd period - Stopped by Marc-Andre Fleury with a rebound.
0:55 of 3rd period - Snap shot by Jared Spurgeon.
0:55 of 3rd period - Stopped by Jimmy Howard with a rebound.
0:57 of 3rd period - Slapshot by Jared Spurgeon.
0:57 of 3rd period - Deflect By Mathieu Perreault.
0:57 of 3rd period - Stopped by Jimmy Howard without a rebound.
0:58 of 3rd period - Martin Erat wins face-off versus Eric Staal in Devils zone.
1:49 of 3rd period - Wrist shot by Drew Stafford.
1:49 of 3rd period - Deflect By Jamie McGinn.
1:49 of 3rd period - Shot Blocked by Derek Morris.
1:49 of 3rd period - Puck is out of play.
1:50 of 3rd period - Mathieu Perreault wins face-off versus Patrik Berglund in Canadiens zone.
1:55 of 3rd period - Wrist shot by Patric Hornqvist.
1:55 of 3rd period - Deflect By Mathieu Perreault.
1:55 of 3rd period - Stopped by Jimmy Howard with a rebound.
1:57 of 3rd period - Snap shot by Marcus Johansson.
1:57 of 3rd period - Stopped by Jimmy Howard without a rebound.
1:58 of 3rd period - Alex Tanguay wins face-off versus Pascal Dupuis in Devils zone.
2:07 of 3rd period - Slapshot by Kris Versteeg.
2:07 of 3rd period - Shot Hit the Post.
2:45 of 3rd period - Drew Stafford is hit by Mathieu Perreault and loses puck.
3:14 of 3rd period - Backhand shot by Marcus Johansson.
3:14 of 3rd period - Shot Blocked by Drew Stafford.
3:16 of 3rd period - Slapshot by Mike Weaver.
3:16 of 3rd period - Deflect By Patric Hornqvist.
3:16 of 3rd period - Shot Misses the Net.
3:16 of 3rd period - Puck is out of play.
3:17 of 3rd period - Eric Staal wins face-off versus Martin Erat in Devils zone.
3:29 of 3rd period - Minor Penalty to Mark Stuart for Hooking.
3:30 of 3rd period - Drew Stafford wins face-off versus Eric Staal in Devils zone.
5:14 of 3rd period - Grant Clitsome is hit by Matt Niskanen and loses puck.
5:29 of 3rd period - Penalty to Mark Stuart is over, Mark Stuart is back on ice.
6:09 of 3rd period - Craig Smith is hit by Ryan Jones and loses puck.
6:22 of 3rd period - Mike Weaver is hit by Grant Clitsome and loses puck.
6:41 of 3rd period - Wrist shot by Kris Versteeg.
6:41 of 3rd period - Deflect By Alex Tanguay.
6:41 of 3rd period - Shot Misses the Net.
6:41 of 3rd period - Puck is out of play.
6:42 of 3rd period - Derek Grant wins face-off versus Martin Erat in Canadiens zone.
6:57 of 3rd period - Snap shot by Adam Burish.
6:57 of 3rd period - Stopped by Marc-Andre Fleury with a rebound.
7:11 of 3rd period - Tim Gleason is hit by Scottie Upshall and loses puck.
8:08 of 3rd period - Adam Burish is hit by Sam Gagner and loses puck.
8:45 of 3rd period - Snap shot by Kris Versteeg.
8:45 of 3rd period - Stopped by Marc-Andre Fleury with a rebound.
8:57 of 3rd period - Derek Morris is hit by Mark Stuart and loses puck.
9:15 of 3rd period - Patrik Berglund is hit by Derek Morris and loses puck.
9:34 of 3rd period - Derek Morris is hit by Brent Seabrook and loses puck.
9:51 of 3rd period - Slapshot by Matt Irwin.
9:51 of 3rd period - Stopped by Marc-Andre Fleury with a rebound.
9:53 of 3rd period - Snap shot by Matt Irwin.
9:53 of 3rd period - Shot Blocked by Derek Morris.
9:57 of 3rd period - Wrist shot by Ryan Jones.
9:57 of 3rd period - Shot Blocked by Derek Morris.
9:59 of 3rd period - Snap shot by David Warsofsky.
9:59 of 3rd period - Stopped by Marc-Andre Fleury with a rebound.
11:49 of 3rd period - Snap shot by Kris Versteeg.
11:49 of 3rd period - Stopped by Marc-Andre Fleury without a rebound.
11:50 of 3rd period - Tyler Johnson wins face-off versus Eric Staal in Canadiens zone.
12:29 of 3rd period - Minor Penalty to Matt Niskanen for Holding.
12:30 of 3rd period - Tyler Johnson wins face-off versus Mike Cammalleri in Canadiens zone.
12:45 of 3rd period - Snap shot by Tyler Johnson.
12:45 of 3rd period - Shot Misses the Net.
12:47 of 3rd period - Wrist shot by Tim Gleason.
12:47 of 3rd period - Deflect By Alex Tanguay.
12:47 of 3rd period - Stopped by Marc-Andre Fleury with a rebound.
13:14 of 3rd period - Pascal Dupuis is hit by Patrik Berglund.
14:29 of 3rd period - Penalty to Matt Niskanen is over, Matt Niskanen is back on ice.
14:37 of 3rd period - Wrist shot by Jamie McGinn.
14:37 of 3rd period - Stopped by Marc-Andre Fleury without a rebound.
14:38 of 3rd period - Mathieu Perreault wins face-off versus Patrik Berglund in Canadiens zone.
15:09 of 3rd period - Snap shot by Marcus Johansson.
15:09 of 3rd period - Shot Misses the Net.
15:11 of 3rd period - Slapshot by Jared Spurgeon.
15:11 of 3rd period - Stopped by Jimmy Howard without a rebound.
15:12 of 3rd period - Martin Erat wins face-off versus Derek Grant in Devils zone.
17:21 of 3rd period - Snap shot by Tyler Johnson.
17:21 of 3rd period - Stopped by Marc-Andre Fleury with a rebound.
17:29 of 3rd period - Tyler Johnson is hit by Jussi Jokinen and loses puck.
17:48 of 3rd period - John-Michael Liles is hit by Tim Gleason and loses puck.
18:41 of 3rd period - Slapshot by Ryan Jones.
18:41 of 3rd period - Shot Blocked by Derek Morris.
18:45 of 3rd period - Wrist shot by Jason Akeson.
18:45 of 3rd period - Stopped by Marc-Andre Fleury without a rebound.
18:46 of 3rd period - Jack Capuano call a timeout for Devils.
18:46 of 3rd period - Jay Beagle wins face-off versus Sam Gagner in Canadiens zone.
18:49 of 3rd period - Snap shot by Brent Seabrook.
18:49 of 3rd period - Shot Misses the Net.
18:51 of 3rd period - Slapshot by Mark Stuart.
18:51 of 3rd period - Stopped by Marc-Andre Fleury with a rebound.
18:53 of 3rd period - Slapshot by Ryan Jones.
18:53 of 3rd period - Stopped by Marc-Andre Fleury without a rebound.
18:54 of 3rd period - Mike Cammalleri wins face-off versus Patrik Berglund in Canadiens zone.
19:03 of 3rd period - Devils, Jimmy Howard is pulled from the net.
19:09 of 3rd period - Slapshot by Drew Stafford.
19:09 of 3rd period - Shot Misses the Net.
19:11 of 3rd period - Wrist shot by Patrik Berglund.
19:11 of 3rd period - Shot Misses the Net.
19:13 of 3rd period - Snap shot by Patrik Berglund.
19:13 of 3rd period - Stopped by Marc-Andre Fleury with a rebound.
19:15 of 3rd period - Slapshot by Mark Stuart.
19:15 of 3rd period - Deflect By Eric Staal.
19:15 of 3rd period - Stopped by Marc-Andre Fleury with a rebound.
19:17 of 3rd period - Wrist shot by Mark Stuart.
19:17 of 3rd period - Shot Misses the Net.
19:19 of 3rd period - Slapshot by Brent Seabrook.
19:19 of 3rd period - Shot Blocked by Matt Niskanen.
19:21 of 3rd period - Slapshot by Brent Seabrook.
19:21 of 3rd period - Stopped by Marc-Andre Fleury without a rebound.
19:22 of 3rd period - Eric Staal wins face-off versus Patrik Berglund in Canadiens zone.
19:47 of 3rd period - Mike Weaver is hit by Drew Stafford and loses puck.
Goals for this period are 0 for Canadiens vs 0 for Devils.
Shots for this period are 6 for Canadiens vs 16 for Devils.


Output by the SimonT Hockey Simulator (STHS) for Eric Dolegowski -- Original Page W3C XHTML 1.0 Valid
Hockey Simulator - Hockey Simulation - Hockey Manager